Workbook
Name ____INF1: #REF!
Name ____INF1: #REF!
Name ____INF2: #REF!
Name ____INF2: #REF!
Name ___INF1: #REF!
Name ___INF1: #REF!
Name ___INF2: #REF!
Name ___INF2: #REF!
Name __INF1: #REF!
Name __INF1: #REF!
Name __INF2: #REF!
Name __INF2: #REF!
Name _bar1: #REF!
Name _bar1: #REF!
Name _boh1: #REF!
Name _boh1: #REF!
Name _foh1: #REF!
Name _foh1: #REF!
Name _INF1: #REF!
Name _INF1: #REF!
Name _INF2: #REF!
Name _INF2: #REF!
Name Accept: [0]!Accept
Name Access: '[1]KING INPUT SHEET'!$D$28
Name ADDRESS1: #REF!
Name ADDRESS1: #REF!
Name ADDRESS2: #REF!
Name ADDRESS2: #REF!
Name admin1: #REF!
Name admin1: #REF!
Name Area: [2]Indices!$D$2:$F$81
Name BASE_DATE: '[3]Master Data Sheet'!$D$41
Name Base_Date: '[4]PROJECT INPUTS'!$E$9
Name bathrooms1: #REF!
Name bathrooms1: #REF!
Name BCIS_Location: [5]Library!$H$15:$I$94
Name BCIS_TPI: [5]Library!$K$15:$L$44
Name bedroomcorridors1: #REF!
Name bedroomcorridors1: #REF!
Name bedrooms1: #REF!
Name bedrooms1: #REF!
Name Beds: [6]DATA!$F$13
Name BlockABath: '[7]Block A - Data'!$H$54
Name BlockAens: '[7]Block A - Data'!$H$55
Name BlockAGIA: '[7]Block A - Data'!$E$31
Name BlockANIA: '[7]Block A - Data'!$G$31
Name BlockAUnits: '[7]Block A - Data'!$H$49
Name BlockBbath: '[7]Block B - Data'!$H$56
Name BlockBens: '[7]Block B - Data'!$H$57
Name BlockBGIA: '[7]Block B - Data'!$E$31
Name BlockBNIA: '[7]Block B - Data'!$G$31
Name BlockBUnits: '[7]Block B - Data'!$H$51
Name BlockCBath: '[7]Block C - Data'!$H$55
Name BlockCEns: '[7]Block C - Data'!$H$56
Name BlockCGIA: '[7]Block C - Data'!$E$31
Name BlockCNIA: '[7]Block C - Data'!$G$31
Name BlockCUnits: '[7]Block C - Data'!$H$50
Name BlockDBath: '[7]Block D - Data'!$H$60
Name BlockDEns: '[7]Block D - Data'!$H$61
Name BlockDGIA: '[7]Block D - Data'!$E$35

Sheet Front

Sheet Information Used
B6: Information Used & Assumptions
B8: 1 | C8: Information Used
C10: Technical Elevations sheet 1 (External)
C11: Technical Elevations sheet 2 (External)
C12: Proposed Ground Floor Plan
C13: Proposed First Floor Plan
C14: Proposed Second Floor Plan
C16: Information as provided by Swansea metropolitan university
C17: Multi-Utility Infrastructure Feasibility Study
B19: 2 | C19: General assumptions:
C20: £350/m2 of GIFA for the provision of mechanical and eletrical
C21: £150/m2 based on footprint area to cover new substructure installation
C22: £150,000.00 Provisional sum for removal of contaminated waste
C23: Provisional sum of £135,000.00 to cover FF&E and installation
C24: Anticipated commencement of the project 1Q21
C25: No abnormal ground condition
C26: Provisional sum of £70,000.00 for two revolving doors
C27: Provisional sum of £45/m2 of the GIFA to cover structural work
C28: External works not included
C29: Preliminaries 15%
C30: Design contingency 10%
B32: 3 | C32: General notes and exclusions;
C33: All included costs are subject to variation following design development.
C34: Risks associated with BREXIT are not considered.
C35: A risk allowance of 25% is included for this estimate.
C36: VAT is excluded from the estimate.
C37: Works will be undertaken in a single phase.

Sheet Summary Original
B2: Project details: Educational Facility
B5: Description: New University Library
B7: Works cost estimate
B9: Based on GIA of: 2724 m2
C11: Group Element | D11: Element Type | E11: Cost | F11: £/m2
B12: Building works estimate
C13: Group element 0 | D13: FACILITATING WORKS | E13: 150000 | F13: 55.06
C14: Group element 1 | D14: ='NRM1 CP template '!C14 -> SUBSTRUCTURE | E14: 164846 | F14: 60.52
C15: Group element 2 | D15: ='NRM1 CP template '!C21 -> SUPERSTRUCTURE | E15: 1444216 | F15: 530.18
C16: Group element 3 | D16: ='NRM1 CP template '!C121 -> INTERNAL FINISHES | E16: 177087 | F16: 65
C17: Group element 4 | D17: ='NRM1 CP template '!C137 -> FITTINGS AND FURNISHINGS | E17: 135000 | F17: 49.56
C18: Group element 5 | D18: ='NRM1 CP template '!C141 -> SERVICES | E18: 967905 | F18: 355.32
C19: Group element 8 | D19: EXTERNAL WOKS - excluded from scope | E19: 0 | F19: 0
C20: Group element 9 | D20: MAIN CONTRACTORS PREMILINARIES | E20: 454681 | F20: 166.92
B22: Works cost estimate (sub total A) | E22: =E13+E14+E15+E16+E17+E18+E20 -> 3493735 | F22: 1282.56
B25: Project design team fees and other development costs (sub total B)
B28: Base cost estimate A + B (sub total C) | E28: =E22 -> 3493735 | F28: =F22 -> 1282.56
C30: Group element 13
C32: Design & Development Contingency | D32: Risk allowance @ 10% | E32: 349373.5 | F32: 128.25
C33: Other Mis. Risk | D33: Risk allowance @ 0% | E33: 0 | F33: 0
B35: Total Risk allowances (sub total D) | E35: =E32 -> 349373.5 | F35: =F32 -> 128.25
B37: Total Construction Cost (C + D) | E37: =E22+E35 -> 3843108.5 | F37: =F28+F32 -> 1410.81

Sheet NRM1 CP template 
A2: Cost Plan for Swansea Metropolitan University Library
A3: NRM 1 phaseologies
A4: Elemental Cost Plan
A8: Ref. | C8: Element | D8: Quantity / unit | F8: Rate | G8: Sub-Total | H8: Group-Total | I8: Notes
F9: £ | G9: £ | H9: £
A10: 0 | C10: FACILITATING WORKS | H10: =G12 -> 150000
A11: 0.1 | C11: Toxic/hazardous material
C12: Contaminated land | D12: 1 | E12: item | F12: 150000 | G12: 150000
A14: 1 | C14: SUBSTRUCTURE | H14: =G18+G19+G17 -> 164846
A16: 1.1 | C16: Foundations
C17: Reinforced pile caps | D17: 22 | E17: nr | F17: 910 | G17: 20020
C18: Ground floor construction; 200mm thick reinforced concrete | D18: 908 | E18: m2 | F18: 125 | G18: 113500
C19: 150mm thick floor insulation to ground floor slab | D19: 908 | E19: m2 | F19: 34.5 | G19: 31326
A21: 2 | C21: SUPERSTRUCTURE | H21: =G23+G24 -> 140860
A22: 2.1 | C22: Frame
C23: Pad frame | D23: 908 | E23: m2 | F23: £45.00 | G23: £40,860.00
C24: Structural steel frame; fire protection to steel | D24: 1 | E24: item | F24: 100000 | G24: 100000
A26: 2.2 | C26: Upper Floors | H26: =G28+G27 -> 316892
C27: 200mm thick precast concrete suspended floors; no finishes | D27: 1816 | E27: m2 | F27: £140.00 | G27: £254,240.00
C28: Insulation to upper floors | D28: 1816 | E28: m2 | F28: 34.5 | G28: 62652
A31: 2.3 | C31: Roof | H31: =G32+G33+G34 -> 150266
C32: Metal standing seam roof; 0.9 mm thick; 180 mm glassfibre insulation; vapour control layer; liner sheets | D32: 1273 | E32: m2 | F32: £74.00 | G32: £94,202.00
C33: PC aluminium rooflight; rectangular; eletric opening | D33: 34 | E33: m2 | F33: £1200.00 | G33: £40,800.00
C34: Rainwater goods; gutters; downpipes; fixed to backgrounds | D34: 144 | E34: m | F34: £106.00 | G34: £15,264.00
A36: 2.4 | C36: Stairs & Ramps | H36: =G37+G38 -> 66040
C37: Reinforced concrete staircase; granolithic finish; 3.00 m rise; dogleg; over three storeys | D37: 6 | E37: nr | F37: £7,800.00 | G37: 46800
C38: Balustrades and handrail | D38: 37 | E38: m | F38: 520 | G38: 19240
A40: 2.5 | C40: External Walls | H40: =G41+G42+G44+G43 -> 225360
C41: Facing brickwork (Masonry) | D41: 473 | E41: m2 | F41: £170.00 | G41: £80,410.00
C42: Aluminium rainscreen cladding | D42: 275 | E42: m2 | F42: 310 | G42: 85250
C43: Insulation; Kingspan Kooltherm K8 (Thermal conductivity 0.022 W/mK) z; 75 mm thick | D43: 700 | E43: m2 | F43: £21.00 | G43: £14,700.00
C44: PPC shading lourves | D44: 3 | E44: item | F44: £45,000.00 | G44: £45,000.00
A48: 2.6 | C48: Windows and external doors | H48: =G50+G63+G86 -> 303993.5
C50: Aluminium double glazing windows (All elevations) | D50: 174 | E50: m2 | F50: £310.00 | G50: £53,940.00
C52: Projection for windows
C53: Type 1 2400 x 460 mm
C54: Type 2 2400 x 1360 mm
C55: Type 2a 2400 x 1360 mm
C56: Type 3 2400 x 1360 mm
C57: Type 3a 2400 x 1360 mm
C58: Type 4 2400 x 1360 mm
C59: Type 5 3225 x 1360 mm
C60: Type 6 3225 x 1360 mm
C61: Type 7 3265 x 3450 mm
C63: Aluminium double glazing curtain walling (All elevations) | D63: 805 | E63: m2 | F63: £310.00 | G63: £249,550.00
C65: CW Type 1 6100 x 5544 mm
C66: CW Type 2 6610 x 5591 mm
C67: CW Type 3 5290 x 5130 mm
C68: CW Type 4 5290 x 5130 mm
C69: CW Type 5 7060 x 7200 mm
C70: CW Type 6 7060 x 7200 mm
C71: CW Type 7 1469 x 7200 mm
C72: CW Type 8 1469 x 7200 mm
C73: CW Type 9a, 9b 5290 x 7200 mm
C74: CW Type 10 5290 x 7200 mm
C75: CW Type 11 3055 x 1875 mm
C76: CW Type 12 5410 x 1875 mm
... C85: CW Type 24 5410 x 3225 mm
C86: Supply extract lourves to 2nd floor | D86: 19 | E86: m2 | F86: £26.50 | G86: £503.50
A89: 2.7 | C89: External doors | H89: =G92+G95+G94+G93+G96 -> 82271.5
C90: Single and double leaf external doors; vision panels; standard fire doors; aluminium ironmongery
C92: Type 1 2110 x 2050 mm; single leaf doors; 60 min fire doors; fire exist | D92: 2 | E92: nr | F92: 1875 | G92: £3,750.00
C93: Steel doors to plant; double leaf; ironmongrey | D93: 1 | E93: nr | F93: £3,830.00 | G93: £3,830.00
C94: Supply extract louvre | D94: 11 | E94: m2 | F94: £26.50 | G94: £291.50
C95: Revolving doors | D95: 2 | E95: item | F95: 35000 | G95: 70000
C96: ironmongrey | D96: 2 | E96: nr | F96: 2200 | G96: 4400
A98: 2.8 | C98: Internal walls | H98: =G101+G102+G103+G104+G100 -> 40833
C99: Metal stud and board partitions; height range from 2.40 m to 3.30 m; 130 mm thick partition; 70 mm steel studs at 600 mm centres generally; 2 layers 15 mm Soundbloc board each side; joints filled with joint filler and joint tape; emulsion paint finish; softwood skirtings with gloss finish
C100: Ground floor internal wall area | D100: 144.3 | E100: m2 | F100: £86.00 | G100: £12,384.00
C101: 1st floor internal wall area | D101: 96 | E101: m2 | F101: £86.00 | G101: £8,256
C102: 2nd floor internal wall area | D102: 131 | E102: m2 | F102: £86.00 | G102: £11,266.00
C103: 140mm lift shaft block wall | D103: 113 | E103: m2 | F103: 54 | G103: 6102
C104: Extra for plaster and emulsion | D104: 113 | E104: m2 | F104: 25 | G104: 2825
A107: 2.9 | C107: Internal doors & screens | H107: =G119+G108 -> 117700
C108: Single leaf internal fire resisting doors; standard fire doors; cellular core; hardwood lining; hardwood architrave; aluminuim ironmongery (lockable, self-closure); painting or polishing; vision panel; classroom door; lockable; fire-rated | D108: 58 | E108: nr | F108: 1695 | G108: £98,310.00
C110: Type 1 2110 x 1010 mm
C111: Type 2 2110 x 810 mm
C112: Type 4 2110 x 1010 mm
C113: Type 5 2110 x 1910 mm
C114: Type 5b 2110 x 2050 mm
C115: Type 5c 2110 x 1810 mm
C117: Double leaf internal fire resisting doors; standard fire doors; cellular core; hardwood lining; hardwood architrave; aluminuim ironmongery (lockable, self-closure); painting or polishing; classroom door; lockable; fire-rated
C119: Type 6 2110 x 1510 mm | D119: 7 | E119: nr | F119: £2,770.00 | G119: £19,390.00
A121: 3 | C121: INTERNAL FINISHES | H121: =G124 -> 7770
A123: 3.1 | C123: Wall finishes
C124: Paint finish; two coats of lightweight plaster with emulsion finish | D124: 370 | E124: m2 | F124: 21 | G124: 7770
A126: 3.2 | C126: Floor finishes | H126: =G127+G128+G129+G130 -> 169317
C127: Vinyl to floors; 2.00–2.50 mm thick | D127: 331 | E127: m2 | F127: £55.00 | G127: 18205
C128: Carpet to library floors; teaching spaces; heavy domestic duty; to floors | D128: 1609 | E128: m2 | F128: £68.00 | G128: 109412
C129: Wooden flooring | D129: 310 | E129: m2 | F129: 130 | G129: 40300
C130: Entrace mats | D130: 20 | E130: m2 | F130: £70.00 | G130: £1,400.00
A132: 3.3 | C132: Ceiling finishes | H132: =G132 -> 0
C134: Exposed concrete ceilling - no finishes | F134: 0 | G134: 0
A137: 4 | C137: FITTINGS AND FURNISHINGS | H137: =G138 -> 135000
A138: 4.1 | C138: General fittings, furnishings and equipment | D138: 1 | E138: item | F138: 135000 | G138: 135000
C139: All FF&E included
A141: 5 | C141: SERVICES | H141: =G144+G145+G146+G147 -> 13665
A143: 5.1 | C143: Sanitary installations & Disposal installations
C144: WC Installation including taps | D144: 12 | E144: nr | F144: 500 | G144: £6,000.00
C145: WC Installation disabled access including taps | D145: 3 | E145: nr | F145: 475 | G145: 1425
...
